 Dungeon Crawl Stone Soup version 0.26-a0-660-gc07710193c (webtiles) character file.

Game seed: 11200109339120208842

38 jiml777 the Grasshopper (level 3, 0/31 HPs)
             Began as a Gnoll Warper on Oct 7, 2020.
             Slain by an adder (2 damage)
             ... on level 2 of the Dungeon.
             The game lasted 00:03:59 (1596 turns).

jiml777 the Grasshopper (Gnoll Warper)              Turns: 1596, Time: 00:04:01

Health: 0/31       AC:  3    Str: 13    XL:     3   Next: 43%
Magic:  9/9        EV: 14    Int: 16    God:
Gold:   72         SH:  0    Dex: 14    Spells: 12/12 levels left

rFire    . . .     SeeInvis .   p - -3 mace (curse)
rCold    . . .     Faith    .   (no shield)
rNeg     . . .     Spirit   .   b - +0 leather armour
rPois    .         Reflect  .   (no helmet)
rElec    .         Harm     .   (no cloak)
rCorr    .         Rampage  .   (no gloves)
MR       .....                  (no boots)
Stlth    +.........             (no amulet)
HPRegen  0.10/turn              (no ring)
MPRegen  0.11/turn              (no ring)

@: lethally poisoned (0 -> -17)
A: distributed training, fangs 1, strong nose
a: no special abilities


You were on level 2 of the Dungeon.
You visited 1 branch of the dungeon, and saw 2 of its levels.

You collected 72 gold pieces.

Inventory:

Hand Weapons
 a - a +0 spear
 c - a +0 dagger of electrocution
 f - a +1 dagger of draining
 p - a cursed -3 mace (weapon)
Missiles
 e - 5 boomerangs of dispersal (quivered)
 g - 21 arrows
 j - 56 bolts
Armour
 b - a +0 leather armour (worn)
Scrolls
 d - a scroll of blinking
 l - 2 scrolls of amnesia
Potions
 k - 2 potions of might
 m - a potion of curing {unknown}
 n - a potion of resistance {unknown}
 o - a potion of mutation {unknown}


   Skills:
 + Level 4.5 Fighting
 + Level 0.8 Short Blades
 + Level 0.8 Long Blades
 + Level 0.8 Axes
 + Level 0.8 Maces & Flails
 + Level 4.5 Polearms
 + Level 0.8 Staves
 + Level 0.8 Slings
 + Level 0.8 Bows
 + Level 0.8 Crossbows
 + Level 2.6 Throwing
 + Level 2.6 Armour
 + Level 4.5 Dodging
 + Level 0.8 Stealth
 + Level 0.8 Shields
 + Level 0.8 Unarmed Combat
 + Level 5.0 Spellcasting
 + Level 0.5 Conjurations
 + Level 0.5 Hexes
 + Level 0.5 Summonings
 + Level 0.5 Necromancy
 + Level 5.4 Translocations
 + Level 0.5 Transmutations
 + Level 0.5 Fire Magic
 + Level 0.5 Ice Magic
 + Level 0.5 Air Magic
 + Level 0.5 Earth Magic
 + Level 0.5 Poison Magic
 + Level 1.0 Invocations
 + Level 0.8 Evocations


You had 12 spell levels left.
You didn't know any spells.
Your spell library contained the following spells:

 Spells                   Type           Power        Failure   Level
 Blink                    Tloc           N/A          3%          2
 Gell's Gravitas          Tloc           ###.......   6%          3
 Lesser Beckoning         Tloc           ###.......   6%          3
 Teleport Other           Tloc           ###.....     6%          3
 Passage of Golubria      Tloc           N/A          21%         4


Dungeon Overview and Level Annotations

Branches:
Dungeon (2/15)

Altars:
Ru


Innate Abilities, Weirdness & Mutations

Your experience applies equally to all skills.
You have very sharp teeth.
Your uncanny sense of smell can sniff out nearby items.


Message History

You barely miss the adder.
The adder is moderately wounded.
You feel sick. The adder bites you. x2
* * * LOW HITPOINT WARNING * * *
You are lethally poisoned!
The adder poisons you!
You miss the adder.
The adder is moderately wounded.
* * * LOW HITPOINT WARNING * * *
You feel sick. The adder bites you.
* * * LOW HITPOINT WARNING * * *
The adder closely misses you.
You miss the adder.
The adder is moderately wounded.
* * * LOW HITPOINT WARNING * * *
You feel sick. The adder bites you.
* * * LOW HITPOINT WARNING * * *
You are more poisoned.
The adder poisons you! The adder bites you.
You die...

♣..♣ ♣.♣
**,,,**,,,**,,
*♣.♣♣ ♣.♣
*,,,,,,,,,,,,
*.♣♣ ♣.♣
*,,,**,,,****
**,* ♣.♣
*,,,,<,,,***8
*,** ♣.♣♣
**,∆>*,*,*,_,
*,* ♣♣.♣♣
*,,,,,,,**,,
*,** ♣♣.♣
*,,,*,*,**≈,
*,,* ♣.♣♣
*,,,,,,,,**+
**,* ♣@♣*
*,,,,,,,,,,,
*,** ♣.S♣
*,*,***,*,,,
*,,* ♣♣.♣
*,,,,,,,,,,,
**,* *** *.♣
*,,,,,,,,,,,
**,*
***,****.♣
*,,,***,,,,,
*,**
*,,,,*,,.♣
*,,,***,**,,
**,*
**,,*,,,,.♣
*,,,,,,,,,,,
*,,*
*,,***,,,♣♣
*,,,,,,,,,,,
*,** *,,*
*,***
*,,,**,,**<*


You could see an adder.

Vanquished Creatures
  A worm (D:2)
  2 dart slugs
  A leopard gecko (D:1)
  3 giant cockroaches
  5 goblins (D:1)
  2 hobgoblins (D:1)
  6 kobolds
  A ball python (D:2)
  5 bats (D:1)
  A frilled lizard (D:2)
  2 rats
29 creatures vanquished.

Vanquished Creatures (others)
  A plant (D:2)
1 creature vanquished.

Grand Total: 30 creatures vanquished

Notes
Turn   | Place    | Note
-------+----------+-------------------------------------------
     0 | D:1      | jiml777 the Gnoll Warper began the quest for the Orb.
     0 | D:1      | Reached XP level 1. HP: 20/20 MP: 6/6
   207 | D:1      | Reached XP level 2. HP: 21/26 MP: 7/7
   785 | D:1      | Reached XP level 3. HP: 27/31 MP: 9/9
   883 | D:1      | Reached skill level 5 in Spellcasting
  1031 | D:2      | Found a sacrificial altar of Ru.
  1339 | D:2      | Reached skill level 1 in Invocations
  1596 | D:2      | Slain by an adder

Illustrated notes

Levels and vault maps discovered:
D:1:      dpeg_arrival_pits, layout_basic
D:2:      kb_forest_paths, layout_basic, gammafunk_temple_overflow_statue,
          nicolae_ru_the_path_less_chosen

Skill      XL: |  1  2  3 |
---------------+----------+-----
Spellcasting   | 5 |  5.0
Invocations    | 1 |  1.0
Fighting       | |  4.5
Short Blades   | |  0.8
Long Blades    | |  0.8
Axes           | |  0.8
Maces & Flails | |  0.8
Polearms       | |  4.5
Staves         | |  0.8
Slings         | |  0.8
Bows           | |  0.8
Crossbows      | |  0.8
Throwing       | |  2.6
Armour         | |  2.6
Dodging        | |  4.5
Stealth        | |  0.8
Shields        | |  0.8
Unarmed Combat | |  0.8
Conjurations   | |  0.5
Hexes          | |  0.5
Summonings     | |  0.5
Necromancy     | |  0.5
Translocations | |  5.4
Transmutations | |  0.5
Fire Magic     | |  0.5
Ice Magic      | |  0.5
Air Magic      | |  0.5
Earth Magic    | |  0.5
Poison Magic   | |  0.5
Evocations     | |  0.8

Action                   || total
-------------------------++-------
Melee: Dagger            ||   101
       Bite              ||    16
       Spear             ||     3
       Mace              ||    35
  Use: Scroll            ||     4
Armor: Leather armour    ||    20
Dodge: Dodged            ||    91

Table legend: (Time is in decaauts)
 A = Elapsed time spent in this place.
 B = Non-inter-level travel time spent in this place.
 C = Inter-level travel time spent in this place.
 D = Time resting spent in this place.
 E = Time spent auto-exploring this place.
 F = Levels seen in this place.
 G = Mean time per level.
                   A        B        C        D        E       F      G
               +--------+--------+--------+--------+--------+-----+--------+
         Total |   1605 |   1560 |     45 |    439 |    661 |   2 |  802.5 |
       Dungeon |   1605 |   1560 |     45 |    439 |    661 |   2 |  802.5 |
               +--------+--------+--------+--------+--------+-----+--------+

Top non-repeatable levels by time:
     D:1: 1021 daAuts
     D:2: 584 daAuts
